 Dungeon Crawl Stone Soup version 0.30-a0-782-ge64f9170bb (webtiles) character file.

Game seed: 17951745509240993715

315576 Dirtsage the Severer (level 20, -9/158 (168) HPs)
             Began as a Demonspawn Fighter on Mar 9, 2023.
             Was a Follower of Makhleb.
             Killed from afar by a halazid warlock (13 damage)
             ... with a bolt of negative energy
             ... in a wizard's laboratory on Mar 13, 2023.
             The game lasted 02:13:53 (38776 turns).

Dirtsage the Severer (Demonspawn Fighter)          Turns: 38776, Time: 02:13:53

HP:   -9/158 (168)  AC: 26    Str: 35    XL:     20   Next: 51%
MP:   39/39         EV: 13    Int: 13    God:    Makhleb [*.....]
Gold: 1091          SH: 19    Dex: 11    Spells: 19/19 levels left

rFire   + + +      SeeInvis +    b - +10 war axe "Giju" {vamp, rPois}
rCold   + . .      Faith    .    r - +1 kite shield {rN+}
rNeg    + . .      Spirit   .    V - +5 chain mail "Ubiun" {rElec Regen+ SInv Stlth-}
rPois   +          Reflect  +    I - +3 hat of Pondering {ponderous, Will+ MP+10 Int+5}
rElec   +          Harm     .    Y - scarf {repulsion}
rCorr   +          Rampage  .    o - +0 pair of gloves of the King of the Hill {rElec rF++ rCorr}
Will    +++++                    (boots unavailable) Stlth
                                 Z - amulet of reflection
HPRegen 1.26/turn                c - ring "Cofan" {rF+ Str+6}
MPRegen 0.52/turn                C - ring "Qinaus" {Will+++ rCorr Str+6 Int-2 Dex-4}

@: studying 2 skills, drained, repel missiles, slow
A: hooves 3, icy blue scales 3, demonic guardian 2, magic regeneration,
corrupting presence 1
}: 2/15 runes: decaying, serpentine
a: Renounce Religion


You were in a wizard's laboratory.
You worshipped Makhleb.
Makhleb was aware of your devotion.
You visited 8 branches of the dungeon, and saw 36 of its levels.
You visited the Abyss 1 time.
You also visited: Sewer and Wizlab.

You collected 4220 gold pieces.
You spent 3129 gold pieces at shops.

Inventory:

Hand Weapons
 a - a +8 broad axe of flaming
 b - the +10 war axe "Giju" (weapon) {vamp, rPois}
   (You bought it in a shop on level 2 of the Dungeon)

   rPois:     It protects you from poison.
Missiles
 f - a silver javelin (quivered)
 L - 4 curare-tipped darts
Armour
 j - the +2 pair of gloves of Noon {rC++ rCorr Slay+4 Stlth-}
   (Okawaru gifted it to you on level 3 of the Elven Halls)

   Slay:      It affects your accuracy & damage with ranged weapons and melee
   (+4).
   rC:        It greatly protects you from cold.
   rCorr:     It protects you from acid and corrosion.
   Stlth:     It makes you less stealthy.
 o - the +0 pair of gloves of the King of the Hill (worn) {rElec rF++ rCorr}
   (Okawaru gifted it to you on level 4 of the Swamp)

   rF:        It greatly protects you from fire.
   rElec:     It insulates you from electricity.
   rCorr:     It protects you from acid and corrosion.
 r - a +1 kite shield of positive energy (worn)
 H - a +1 kite shield of cold resistance
 I - the +3 hat of Pondering (worn) {ponderous, Will+ MP+10 Int+5}
   (You found it on level 1 of the Elven Halls)

   Int:       It affects your intelligence (+5).
   MP:        It affects your magic capacity (+10).
   Will:      It increases your willpower.
 Q - the +0 helmet "Udank" {rC+ Str+5 Int-3}
   (Okawaru gifted it to you on level 11 of the Dungeon)

   Str:       It affects your strength (+5).
   Int:       It affects your intelligence (-3).
   rC:        It protects you from cold.
 V - the +5 chain mail "Ubiun" (worn) {rElec Regen+ SInv Stlth-}
   (You bought it in a shop on level 13 of the Dungeon)

   rElec:     It insulates you from electricity.
   SInv:      It lets you see invisible.
   Regen:     It increases your rate of health regeneration.
   Stlth:     It makes you less stealthy.
 Y - a scarf of repulsion (worn)
Jewellery
 c - the ring "Cofan" (left hand) {rF+ Str+6}
   (You found it on level 11 of the Dungeon)

   [ring of strength]

   Str:       It affects your strength (+6).
   rF:        It protects you from fire.
 w - a ring of flight
 x - an amulet of magic regeneration
 z - the amulet of Wisdom {Acrobat Rampage rPois SInv Stlth-}
   (You took it off a deep elf elementalist on level 3 of the Elven Halls)

   [amulet of the acrobat]

   It increases your evasion while moving and waiting.
   rPois:     It protects you from poison.
   SInv:      It lets you see invisible.
   Rampage:   It bestows one free step when moving towards enemies.
   Stlth:     It makes you less stealthy.
 C - the ring "Qinaus" (right hand) {Will+++ rCorr Str+6 Int-2 Dex-4}
   (You took it off a naga mage on level 2 of the Snake Pit)

   [ring of strength]

   Str:       It affects your strength (+6).
   Int:       It affects your intelligence (-2).
   Dex:       It affects your dexterity (-4).
   rCorr:     It protects you from acid and corrosion.
   Will:      It greatly increases your willpower.
 S - the ring of Ynotuush {Ice rN+ Int+2}
   (You took it off a deep elf demonologist in the Arena)

   [ring of ice]

   It enhances your ice magic.
   Int:       It affects your intelligence (+2).
   rF:        It makes you vulnerable to fire.
   rC:        It protects you from cold.
   rN:        It protects you from negative energy.
 Z - an amulet of reflection (around neck)
Wands
 D - a wand of digging (7)
 R - a wand of quicksilver (15)
Scrolls
 g - 4 scrolls of fear
 i - 8 scrolls of identify
 p - 3 scrolls of fog
 t - 14 scrolls of teleportation
 u - 5 scrolls of poison
 v - 8 scrolls of immolation
 y - 5 scrolls of magic mapping
 A - 5 scrolls of enchant armour
 B - a scroll of blinking
 N - a scroll of enchant weapon
 T - 3 scrolls of silence
Potions
 d - 7 potions of might
 h - 13 potions of haste
 k - 7 potions of mutation
 l - 8 potions of heal wounds
 m - 5 potions of attraction
 n - 2 potions of resistance
 q - 13 potions of curing
 s - 5 potions of berserk rage
 E - 7 potions of flight
 F - 2 potions of magic
 G - 5 potions of invisibility
 K - 4 potions of brilliance
 O - 5 potions of lignification
 U - 3 potions of cancellation
Miscellaneous
 e - a tin of tremorstones (2/2)
 J - a lightning rod (4/4)
 M - a phial of floods
 X - a condenser vane


   Skills:
 + Level 17.2 Fighting
 + Level 18.8 Axes
 + Level 14.4 Armour
 + Level 13.6 Dodging
 + Level 15.9 Shields
 + Level 12.3 Invocations


You had 19 spell levels left.
You didn't know any spells.
Your spell library contained the following spells:

 Spells                   Type           Power      Damage    Failure   Level
 Apportation              Tloc           0%         N/A       83%         1
 Foxfire                  Conj/Fire      0%         2x1d4     83%         1
 Magic Dart               Conj           0%         1d3       83%         1
 Necrotise                Necr           0%         1d4       83%         1
 Slow                     Hex            0%         N/A       83%         1
 Summon Small Mammal      Summ           0%         N/A       83%         1
 Blink                    Tloc           0%         N/A       92%         2
 Call Imp                 Summ           0%         N/A       92%         2
 Ensorcelled Hibernation  Hex/Ice        0%         N/A       92%         2
 Lesser Beckoning         Tloc           0%         N/A       92%         2
 Momentum Strike          Conj/Tloc      0%         3d8       92%         2
 Passwall                 Tmut/Erth      0%         N/A       92%         2
 Scorch                   Fire           0%         2d5       92%         2
 Confusing Touch          Hex            0%         N/A       99%         3
 Dazzling Flash           Conj/Hex       0%         N/A       99%         3
 Frozen Ramparts          Ice            0%         1d1       99%         3
 Hailstorm                Conj/Ice       0%         3d3       99%         3
 Ignite Poison            Fire/Tmut/Pois 0%         N/A       99%         3
 Inner Flame              Hex/Fire       0%         N/A       99%         3
 Kindle Blastsparks       Fire/Tloc/Air  0%         2d10      99%         3
 Mephitic Cloud           Conj/Pois/Air  0%         N/A       99%         3
 Ozocubu's Armour         Ice            0%         N/A       99%         3
 Portal Projectile        Hex/Tloc       0%         N/A       99%         3
 Stone Arrow              Conj/Erth      0%         3d7       99%         3
 Swiftness                Air            0%         N/A       99%         3
 Tukima's Dance           Hex            0%         N/A       99%         3
 Vampiric Draining        Necr           0%         2d6       99%         3
 Cause Fear               Hex            0%         N/A       100%        4
 Flame Wave               Conj/Fire      0%         2d4       100%        4
 Ice Form                 Ice/Tmut       0%         N/A       100%        4
 Iskenderun's Mystic Bla  Conj/Tloc      0%         2d3       100%        4
 Petrify                  Tmut/Erth      0%         N/A       100%        4
 Sticky Flame             Conj/Fire      0%         2d3       100%        4
 Agony                    Necr           0%         N/A       100%        5
 Alistair's Intoxication  Tmut/Pois      0%         N/A       100%        5
 Blade Hands              Tmut           0%         N/A       100%        5
 Freezing Cloud           Conj/Ice/Air   0%         6-21      100%        5
 Iskenderun's Battlesphe  Conj           0%         2d6       100%        5
 Metabolic Englaciation   Hex/Ice        0%         N/A       100%        5
 Silence                  Hex/Air        0%         N/A       100%        5
 Iron Shot                Conj/Erth      0%         9d1       100%        6
 Simulacrum               Ice/Necr       0%         N/A       100%        6
 Starburst                Conj/Fire      0%         6d3       100%        6
 Statue Form              Tmut/Erth      0%         N/A       100%        6
 Dragon Form              Tmut           0%         N/A       100%        7
 Ozocubu's Refrigeration  Ice            0%         4d7       100%        7
 Spellforged Servitor     Conj/Summ      0%         N/A       100%        7
 Dragon's Call            Summ           0%         N/A       100%        9
 Polar Vortex             Ice            0%         N/A       100%        9


Dungeon Overview and Level Annotations

Branches:
Dungeon (15/15)            Temple (1/1) D:4            Lair (5/5) D:11
  Swamp (4/4) Lair:2        Snake (4/4) Lair:2        Slime (0/5) Lair:5
    Orc (2/2) D:10            Elf (3/3) Orc:2        Vaults (2/5) D:14
  Crypt (0/3) Vaults:2     Depths (0/4) D:15          Sewer (visited)
 WizLab (1/1)

Altars:
Ashenzari
Cheibriados
Dithmenos
Fedhas
Gozag
Hepliaklqana
Kikubaaqudgha
Makhleb
Nemelex Xobeh
Okawaru
Qazlal
Ru
Sif Muna
Trog
Uskayaw
Vehumet
Wu Jian
Xom
Yredelemnul
Jiyva

Shops:
D:2 (:?(=   D:3 !   D:13 *   D:14 *   Orc:2 (:=[   Elf:1 (   Elf:3 :
Snake:4 *

Portals:
Abyss: Lair:5


Innate Abilities, Weirdness & Mutations

You have hooves in place of feet.
You are completely covered in icy blue scales. (AC +4, rC+)
A demonic guardian rushes to your aid.
You regenerate magic rapidly.
Your presence sometimes corrodes those you injure.


Message History

You slice the halazid warlock!!
The halazid warlock is heavily damaged.
You slash the flying skull!
The halazid warlock casts a spell at the flying skull.
The flying skull's animating energy erupts into ghostly fire!
The ghostly flame explodes!
The ghostly fireball engulfs the halazid warlock.
The halazid warlock completely resists.
The ghostly fireball engulfs you!! You partially resist.
You feel drained.
* * * LOW HITPOINT WARNING * * *
The ghostly fireball engulfs the halazid warlock.
The halazid warlock completely resists.
The ghostly fireball engulfs the flying skull.
The flying skull completely resists.
The ghostly fireball engulfs the halazid warlock.
The halazid warlock completely resists.
The halazid warlock casts a spell.
The necromancer casts a spell.
The necromancer binds the souls of nearby monsters.
The flying skull hits you but does no damage.
You hear a hideous shriek!
You hear a shout!
You hear a hideous shriek! x2
You hear a shout! x2; You hear a hideous shriek! x2
You take 23 damage, and have 3/162 hp.
You closely miss the halazid warlock.
You kick the halazid warlock, but do no damage.
The halazid warlock is heavily damaged.
You closely miss the halazid warlock. You slice the flying skull!!
You hear a shout!
The necromancer gestures wildly while chanting.
The necromancer binds the souls of nearby monsters.
The halazid warlock points at you and mumbles some strange words.
The bolt of negative energy is repelled.
You block the halazid warlock's attack.
The flying skull hits you but does no damage.
A halazid warlock opens the gate.
The halazid warlock points at you and mumbles some strange words.
The bolt of negative energy hits the halazid warlock.
The halazid warlock completely resists.
The bolt of negative energy misses the halazid warlock.
The bolt of negative energy hits you! You partially resist.
You feel drained.
You die...

## .###
zp..#
L... '''#
#...##
##zV.V.##
#@L.zV..#


#LzL.Wp⌠# #Zz.ZLZZ# ##.$Z$.## #=p=## #+## You could see 5 halazid warlocks, 2
jiangshi, a vampire mage (summoned), a shadow wraith (summoned, invisible), 3
necromancers, 5 flying skulls, a demonspawn black sun simulacrum (summoned), a
glowing shapeshifter zombie (summoned), a spriggan berserker skeleton
(summoned), a spriggan air mage skeleton (summoned) and a vault sentinel
skeleton (summoned).

Vanquished Creatures
  Saint Roka (Snake:4)
  Vashnia (Snake:3)
  Nikola (Arena)
  Jorgrun (Snake:3)
  A tentacled monstrosity (Swamp:1)
  A titan (Vaults:1)
  2 deep elf master archers (Elf:3)
  2 deep elf blademasters (Elf:3)
  An ancient champion (WizLab)
  Kirke (D:12)
  3 thorn hunters
  A tengu reaver (Vaults:1)
  3 frost giants (Vaults:1)
  10 nagarajas
  2 fire giants (Vaults:1)
  The ghost of Tuenlyrph the Unseen, an adept SpEn of Hepliaklqana (Swamp:2)
  3 deep elf sorcerers
  2 vault wardens (Vaults:1)
  3 ironbound preservers (Vaults:1)
  4 ghouls
  4 deep elf elementalists (Elf:3)
  The ghost of emiel the Peltast, a journeyman OgEE of Vehumet (Lair:4)
  3 stone giants (Vaults:1)
  8 deep elf demonologists
  2 ironbound thunderhulks (Vaults:1)
  3 very ugly things (Vaults:1)
  Nessos (D:12)
  A minotaur (Vaults:1)
  4 deep elf annihilators
  4 dire elephants (Lair:5)
  2 eleionomae
  The ghost of dunno567 the Warrior, a journeyman TeHu of Jiyva (Lair:5)
  The ghost of Athor the Skirmisher, a journeyman FoHu of Okawaru (Lair:1)
  7 bunyips
  Snorg (Lair:4)
  An ettin (Vaults:1)
  2 deep elf death magi (Elf:3)
  3 fire dragons (Swamp:4)
  A great orb of eyes (Vaults:1)
  3 deep elf high priests
  A yaktaur captain (Vaults:1)
  2 entropy weavers (Vaults:1)
  A jiangshi (WizLab)
  4 salamander tyrants (Snake:4)
  5 vault guards (D:14)
  Erolcha (D:13)
  9 hydras
  A shambling mangrove (Swamp:2)
  The ghost of nidavellir the Basher, a journeyman HuFi of Elyvilon (D:8)
  A ghost crab (Swamp:1)
  2 catoblepae
  4 centaur warriors
  4 ironbound frosthearts (Vaults:1)
  An ogre mage (D:14)
  8 boulder beetles
  28 dancing weapons
  Erica (Orc:1)
  10 anacondas
  2 death yaks (Lair:5)
  A vampire mage (D:15)
  2 two-headed ogres
  11 alligators
  21 naga warriors
  A titan zombie (WizLab)
  A tengu warrior (Vaults:1)
  A hell hog (Lair:5)
  2 orc high priests
  7 shock serpents
  Nergalle (D:11)
  Urug (Lair:5)
  17 naga sharpshooters
  A large abomination (Lair:5)
  34 deep elf knights
  Amaemon (Lair:2)
  5 skeletal warriors (D:15)
  11 deep trolls
  11 swamp dragons
  2 glowing orange brains
  A golden dragon zombie (D:15)
  3 goliath frogs
  An obsidian statue (Lair:5)
  4 salamander mystics (Snake:4)
  4 spectral death yaks
  5 bog bodies
  2 spriggan druids
  A spectral anaconda (Lair:5)
  A skyshark (Lair:5)
  7 naga ritualists
  12 deep elf archers
  4 ironbound convokers (Vaults:1)
  Pikel (D:7)
  A shadow dragon zombie (D:15)
  33 deep elf zephyrmancers
  6 necromancers
  A harpy (Vaults:1)
  5 oklob plants (Lair:5)
  2 orc knights
  11 mana vipers
  A wolf spider zombie (WizLab)
  2 orange crystal statues
  33 deep elf pyromancers
  6 lindwurms
  10 ugly things
  9 orc sorcerers
  A manticore (D:12)
  A fire giant zombie (D:15)
  4 cyclopes
  19 salamanders
  A will-o-the-wisp (Swamp:4)
  A worldbinder (Lair:5)
  18 elephants
  A guardian serpent (shapeshifter) (D:14)
  2 vault sentinels (Vaults:1)
  49 black mambas
  A gargoyle (D:12)
  11 guardian serpents (Snake:4)
  9 cane toads
  A molten gargoyle (Swamp:4)
  2 orange demons
  18 naga magi
  A kobold demonologist (D:13)
  8 yaktaurs (Vaults:1)
  3 rime drakes
  An ice devil (Lair:5)
  3 komodo dragons
  2 tengu conjurers (D:11)
  2 freezing wraiths
  9 trolls
  2 polar bears
  Grinder (D:3)
  A tarantella (Vaults:1)
  A raiju (Lair:5)
  A spectral dream sheep (Lair:4)
  12 blink frogs
  9 tyrant leeches
  An ettin zombie (D:15)
  5 hornets
  21 slime creatures
  7 dream sheep (Lair:3)
  A spectral elephant (Lair:5)
  A culicivora (Vaults:1)
  A culicivora (shapeshifter) (Vaults:1)
  A jumping spider (Vaults:1)
  2 spectral black mambas (Lair:4)
  8 spriggans
  3 air elementals
  4 water elementals
  3 wyverns
  3 vampires
  59 yaks
  A wraith (D:13)
  A human (D:14)
  A death yak simulacrum (Lair:5)
  6 steam dragons
  3 basilisks
  A neqoxec (Lair:5)
  6 hogs (D:12)
  The ghost of snipermoke the Chopper, an amateur DsBe of Trog (D:4)
  20 vampire mosquitoes
  2 redbacks (Vaults:1)
  A catoblepas simulacrum (Lair:4)
  Menkaure (D:6)
  14 swamp worms
  5 wargs
  An acid dragon (D:10)
  38 nagas
  A floating eye (Elf:3)
  24 water moccasins
  38 orc warriors
  11 swamp drakes
  An ice beast (D:8)
  A sky beast (D:6)
  2 black bears
  An elephant zombie (Lair:5)
  A boggart (Vaults:1)
  16 centaurs
  7 ogres
  A spectral rime drake (Lair:4)
  15 wolves
  A lemure (D:7)
  An elephant skeleton (Lair:5)
  2 phantoms
  5 kobold brigands
  4 necrophages
  15 bullfrogs
  6 gnoll sergeants
  A scorpion (D:4)
  5 earth elementals
  13 wights
  4 killer bees (D:9)
  2 howler monkeys
  2 vampire bats (D:15)
  7 electric eels
  A komodo dragon simulacrum (Lair:4)
  8 crimson imps (D:11)
  Crazy Yiuf (D:5)
  4 hounds
  7 jellies
  16 orc priests
  Terence (D:2)
  Jessica (D:3)
  3 iguanas
  53 orc wizards
  20 gnolls
  4 adders
  3 shadow imps (D:8)
  4 white imps
  2 ufetubi (D:8)
  4 worms
  4 dart slugs
  152 orcs
  3 bat skeletons (D:15)
  2 bat zombies (D:15)
  7 endoplasms
  5 giant cockroaches
  6 hobgoblins
  2 jackals (D:5)
  3 quokkas
  11 ball pythons
  12 bats
  A frilled lizard (D:1)
  4 goblins
  24 kobolds
  4 rats
  10 briar patches
1466 creatures vanquished.

Vanquished Creatures (collateral kills)
  A merfolk (WizLab)
  A naga (Vaults:1)
  Ijyb (D:3)
  A gnoll (D:4)
  An orc (D:4)
  A hobgoblin (D:4)
  A quokka (D:3)
7 creatures vanquished.

Vanquished Creatures (others)
  A salamander tyrant (Snake:4)
  An alligator (Swamp:2)
  An anaconda (Snake:2)
  A dancing weapon (Elf:2)
  A naga sharpshooter (Snake:3)
  A deep elf knight (Elf:2)
  A lindwurm (Swamp:4)
  2 deep elf pyromancers
  2 deep elf zephyrmancers
  2 naga magi (Snake:4)
  A guardian serpent (Snake:4)
  A hornet (Swamp:3)
  A flying skull (WizLab)
  A vampire (D:9)
  A floating eye (Elf:3)
  A swamp drake (Swamp:4)
  A wolf (Lair:1)
  An orc wizard (Snake:4)
  2 orcs
  A bush (Lair:2)
  A demonic plant (D:8)
  2 foxfires (Swamp:4)
  26 fungi
  45 plants
  27 withered plants (Lair:5)
125 creatures vanquished.

Grand Total: 1598 creatures vanquished

Notes
Turn   | Place    | Note
-------+----------+-------------------------------------------
     0 | D:1      | Dirtsage the Demonspawn Fighter began the quest for the
                  | Orb.
     0 | D:1      | Reached XP level 1. HP: 18/18 MP: 1/1
    25 | D:1      | Reached skill level 2 in Axes
   156 | D:1      | Gained mutation: You are partially covered in icy blue
                  | scales. (AC +2) [demonic ancestry]
   156 | D:1      | Reached XP level 2. HP: 20/24 MP: 2/2
   387 | D:1      | Reached skill level 3 in Axes
   579 | D:2      | Gained mutation: A weak demonic guardian rushes to your
                  | aid. [demonic ancestry]
   579 | D:2      | Reached XP level 3. HP: 29/29 MP: 3/3
   661 | D:2      | Found Ojy Koto's Book Emporium.
   857 | D:2      | Reached XP level 4. HP: 35/35 MP: 4/4
   872 | D:2      | Reached skill level 4 in Axes
   943 | D:2      | Found Vothru Remm's Magic Scroll Shop.
   950 | D:2      | Bought a scroll of identify for 24 gold pieces
   950 | D:2      | Bought a scroll of teleportation for 36 gold pieces
   984 | D:2      | Found Qoum Pey's Weapon Shoppe.
   991 | D:2      | Found Garchejo's Jewellery Boutique.
  1024 | D:2      | Found Qamp's Antique Weapon Shop.
  1145 | D:2      | Noticed Terence
  1156 | D:2      | Killed Terence
  1605 | D:3      | Noticed Jessica
  1607 | D:3      | Killed Jessica
  1608 | D:3      | Reached XP level 5. HP: 41/41 MP: 5/5
  1747 | D:3      | Noticed Ijyb
  1761 | D:3      | Killed Ijyb
  1762 | D:3      | Reached skill level 5 in Axes
  1897 | D:3      | Noticed Grinder
  1898 | D:3      | Found Miamau's Distillery.
  1910 | D:3      | Killed Grinder
  1911 | D:3      | Reached skill level 6 in Axes
  1911 | D:3      | Reached XP level 6. HP: 20/47 MP: 6/6
  2022 | D:3      | Bought a potion of lignification for 42 gold pieces
  2709 | D:4      | Reached skill level 7 in Axes
  2710 | D:4      | Gained mutation: You have large cloven feet. [demonic
                  | ancestry]
  2710 | D:4      | Reached XP level 7. HP: 42/52 MP: 7/7
  3038 | D:4      | Found a runed translucent door.
  3045 | D:4      | Noticed snipermoke's ghost (amateur DsBe)
  3372 | D:4      | Found a staircase to the Ecumenical Temple.
  3378 | Temple   | Entered the Ecumenical Temple
  3568 | Temple   | Became a worshipper of Warmaster Okawaru
  3750 | D:4      | Killed snipermoke's ghost
  3885 | D:5      | Entered Level 5 of the Dungeon
  3930 | D:5      | Reached skill level 8 in Axes
  3933 | D:5      | Reached * piety under Okawaru
  4011 | D:5      | Found a glowing drain.
  4034 | Sewer    | Entered a sewer
  4082 | Sewer    | Gained mutation: You regenerate magic rapidly. [demonic
                  | ancestry]
  4082 | Sewer    | Reached XP level 8. HP: 50/58 MP: 8/8
  4224 | D:5      | Reached skill level 9 in Axes
  4255 | D:5      | Found a runed translucent door.
  4256 | D:5      | Noticed Crazy Yiuf
  5014 | D:6      | Reached skill level 10 in Axes
  5018 | D:6      | Reached ** piety under Okawaru
  5260 | D:6      | Noticed Menkaure
  5271 | D:6      | Killed Menkaure
  5419 | D:6      | Reached skill level 1 in Invocations
  5600 | D:6      | Reached XP level 9. HP: 64/64 MP: 10/10
  5630 | D:6      | Found a radiant altar of Vehumet.
  5630 | D:6      | Found a burning altar of Makhleb.
  5630 | D:6      | Found a basalt altar of Yredelemnul.
  5631 | D:6      | Found a shimmering blue altar of Sif Muna.
  5632 | D:6      | Found an opulent altar of Gozag.
  5632 | D:6      | Found a shimmering altar of Xom.
  6391 | D:7      | Reached skill level 11 in Axes
  6450 | D:7      | Noticed Pikel
  6469 | D:7      | Killed Pikel
  6469 | D:7      | Reached *** piety under Okawaru
  6530 | D:7      | Found a runed translucent door.
  7564 | D:8      | Reached skill level 5 in Fighting
  7564 | D:8      | Reached skill level 5 in Invocations
  7578 | D:8      | Gained mutation: You have hoof-like feet. [demonic
                  | ancestry]
  7578 | D:8      | Reached XP level 10. HP: 34/74 MP: 8/13
  7876 | D:8      | Found an ornate altar of the Wu Jian Council.
  8003 | D:8      | Noticed nidavellir's ghost (journeyman HuFi)
  8014 | D:8      | Found a runed translucent gate.
  8014 | D:8      | Found a runed translucent gate.
  8014 | D:8      | Found a runed translucent gate.
  8033 | D:8      | Found a stormy altar of Qazlal.
  8039 | D:8      | Reached **** piety under Okawaru
  8721 | D:9      | Reached skill level 12 in Axes
  8721 | D:9      | Reached skill level 5 in Shields
  8853 | D:8      | Paralysed by a hornet for 3 turns
  8860 | D:8      | Paralysed by a hornet for 3 turns
  9084 | D:8      | Saving game... please wait.
  9186 | D:9      | Reached ***** piety under Okawaru
 10186 | D:9      | HP: 2/75 [electric eel/bolt of electricity (4)]
 10535 | D:10     | Entered Level 10 of the Dungeon
 10554 | D:10     | Reached XP level 11. HP: 59/83 MP: 14/16
 10970 | D:10     | Found a staircase to the Orcish Mines.
 11199 | D:10     | Reached skill level 13 in Axes
 11448 | D:10     | Noticed a deep troll
 11458 | D:10     | Killed a deep troll
 11512 | D:10     | Identified the +1 falchion of Wisdom {protect, Fly rF+}
 11824 | D:11     | Found a staircase to the Lair.
 11855 | D:11     | Identified the +0 helmet "Udank" {rC+ Str+5 Int-3} (Okawaru
                  | gifted it to you on level 11 of the Dungeon)
 11855 | D:11     | Received a gift from Okawaru
 11948 | D:11     | Noticed a boulder beetle
 11986 | D:11     | Killed a boulder beetle
 12231 | Orc:1    | Entered Level 1 of the Orcish Mines
 12587 | Lair:1   | Entered Level 1 of the Lair of Beasts
 13082 | Lair:1   | Gained mutation: You are mostly covered in icy blue scales.
                  | (AC +3) [demonic ancestry]
 13082 | Lair:1   | Reached XP level 12. HP: 48/92 MP: 5/19
 13095 | Lair:1   | Reached skill level 14 in Axes
 13155 | Lair:1   | Reached skill level 10 in Invocations
 13633 | D:2      | Bought the +10 war axe "Giju" {vamp, rPois} for 788 gold
                  | pieces
 13977 | Lair:1   | Found a runed translucent door.
 13978 | Lair:1   | Noticed a four-headed hydra
 13979 | Lair:1   | Noticed Athor's ghost (journeyman FoHu)
 14304 | Lair:2   | Found a staircase to the Snake Pit.
 14324 | Lair:2   | Reached ****** piety under Okawaru
 14342 | Lair:2   | Received a gift from Okawaru
 14510 | Lair:2   | Found a staircase to the Swamp.
 14518 | Lair:2   | Reached skill level 15 in Axes
 14712 | Lair:2   | Noticed Amaemon
 14742 | Lair:2   | Killed Amaemon
 14880 | Lair:2   | Reached XP level 13. HP: 92/101 MP: 21/21
 15897 | Lair:3   | Reached skill level 1 in Dodging
 16144 | Lair:3   | Received a gift from Okawaru
 16557 | Lair:3   | Identified the +1 cloak of Least Resistance {+Blink rPois
                  | rCorr MP-9} (Okawaru gifted it to you on level 3 of the
                  | Lair of Beasts)
 16557 | Lair:3   | Received a gift from Okawaru
 16873 | Lair:4   | Noticed Snorg
 16888 | Lair:4   | Killed Snorg
 17246 | Lair:4   | Reached skill level 10 in Fighting
 17356 | Lair:4   | Found a runed translucent gate.
 17356 | Lair:4   | Found a runed translucent gate.
 17356 | Lair:4   | Found a runed translucent gate.
 17357 | Lair:4   | Noticed emiel's ghost (journeyman OgEE)
 17641 | Lair:4   | Killed emiel's ghost
 17725 | Lair:5   | Entered Level 5 of the Lair of Beasts
 17763 | Lair:5   | Noticed Urug
 17773 | Lair:5   | Killed Urug
 17816 | Lair:5   | Reached skill level 16 in Axes
 17882 | Lair:5   | Reached XP level 14. HP: 108/111 MP: 6/23
 18105 | Lair:5   | Found a transporter.
 18136 | Lair:5   | Found a transporter.
 18179 | Lair:5   | Found a one-way gate to the infinite horrors of the Abyss.
 18179 | Lair:5   | Noticed dunno567's ghost (journeyman TeHu)
 18267 | Lair:5   | Found a viscous altar of Jiyva.
 18269 | Lair:5   | Found a staircase to the Slime Pits.
 18281 | Lair:5   | Reached skill level 5 in Armour
 18754 | Lair:5   | Reached skill level 10 in Shields
 18813 | Lair:5   | Identified the +1 chain mail of Nuvinlul {Str+3} (Okawaru
                  | gifted it to you on level 5 of the Lair of Beasts)
 18813 | Lair:5   | Received a gift from Okawaru
 18857 | Lair:5   | Reached skill level 5 in Dodging
 19374 | Lair:5   | Got Ifoehoh's Secrets of a Billion Beggars
 19464 | Lair:5   | Saving game... please wait.
 19739 | Orc:1    | Noticed Erica
 19753 | Orc:1    | Killed Erica
 20009 | Orc:1    | Paralysed by an orc sorcerer for 3 turns
 20211 | Orc:2    | Entered Level 2 of the Orcish Mines
 20218 | Orc:2    | Found a staircase to the Elven Halls.
 20727 | Orc:2    | Found Ketats's Weapon Boutique.
 20744 | Orc:2    | Found Ustole Haekk's Book Emporium.
 20796 | Orc:2    | Found Mynkaluff's Jewellery Boutique.
 20817 | Orc:2    | Bought an amulet of reflection for 510 gold pieces
 20821 | Orc:2    | Found Wuiwia's Armour Emporium.
 20996 | Orc:2    | Saving game... please wait.
 21060 | D:11     | Identified the ring "Cofan" {rF+ Str+6}
 21473 | D:11     | Identified the +1 robe of a bazaar {rF+ rC+ Str-3 Dex+3}
                  | (Okawaru gifted it to you on level 11 of the Dungeon)
 21473 | D:11     | Received a gift from Okawaru
 21476 | D:11     | Saving game... please wait.
 21607 | D:11     | Noticed Nergalle
 21621 | D:11     | Killed Nergalle
 21830 | D:12     | Reached XP level 15. HP: 120/120 MP: 15/24
 21908 | D:12     | Noticed Nessos
 21912 | D:12     | Killed Nessos
 22151 | D:12     | Noticed Kirke
 22165 | D:12     | Noticed a sphinx
 22167 | D:12     | Paralysed by a sphinx for 2 turns
 22176 | D:12     | Killed Kirke
 22774 | D:13     | Noticed Erolcha
 22786 | D:13     | Killed Erolcha
 22828 | D:13     | Found Colesism's Assorted Antiques.
 22836 | D:13     | Bought a potion of might for 108 gold pieces
 22836 | D:13     | Bought 2 glowing coppery potions for 48 gold pieces
 22836 | D:13     | Bought a polished chain mail for 256 gold pieces
 22836 | D:13     | Identified the +5 chain mail "Ubiun" {rElec Regen+ SInv
                  | Stlth-} (You bought it in a shop on level 13 of the
                  | Dungeon)
 23039 | D:13     | Identified a scroll of acquirement
 23040 | D:13     | Acquired a +2 broad axe of flaming
 23333 | D:14     | Found a gate to the Vaults.
 23609 | D:14     | Found Lireak's Demolitions Depot.
 23855 | D:15     | Entered Level 15 of the Dungeon
 24076 | D:15     | Found a radiant altar of Vehumet.
 24160 | D:15     | Found a staircase to the Depths.
 24177 | D:15     | Received a gift from Okawaru
 24478 | D:15     | Found an ancient bone altar of Kikubaaqudgha.
 24945 | Swamp:1  | Entered Level 1 of the Swamp
 25399 | Swamp:1  | Noticed a tentacled monstrosity
 25431 | Swamp:1  | Killed a tentacled monstrosity
 25650 | Swamp:1  | Identified the +6 hand axe "Nioplae" {heavy, rN++ Str-5}
                  | (Okawaru gifted it to you on level 1 of the Swamp)
 25650 | Swamp:1  | Received a gift from Okawaru
 25653 | Swamp:1  | Gained mutation: You have hooves in place of feet. [demonic
                  | ancestry]
 25653 | Swamp:1  | Reached XP level 16. HP: 130/130 MP: 16/25
 25882 | Swamp:2  | Found a runed translucent door.
 26155 | Swamp:2  | Noticed Tuenlyrph's ghost (adept SpEn)
 26260 | Swamp:2  | You are sucked into a shaft and drop 1 floor!
 26291 | Swamp:3  | Noticed a thorn hunter
 26309 | Swamp:3  | Killed a thorn hunter
 26312 | Swamp:3  | Received a gift from Okawaru
 26849 | Swamp:2  | Noticed a thorn hunter
 26860 | Swamp:2  | Killed a thorn hunter
 27036 | Swamp:2  | Killed Tuenlyrph's ghost
 27071 | Swamp:4  | Entered Level 4 of the Swamp
 27200 | Swamp:4  | Noticed a thorn hunter
 27207 | Swamp:4  | Killed a thorn hunter
 27345 | Swamp:4  | Reached skill level 10 in Armour
 27386 | Swamp:4  | Identified the +0 pair of gloves of the King of the Hill
                  | {rElec rF++ rCorr} (Okawaru gifted it to you on level 4 of
                  | the Swamp)
 27386 | Swamp:4  | Received a gift from Okawaru
 27773 | Swamp:4  | Got a decaying rune of Zot
 27948 | Snake:1  | Entered Level 1 of the Snake Pit
 28155 | Snake:1  | Gained mutation: Your presence sometimes corrodes those you
                  | injure. [demonic ancestry]
 28155 | Snake:1  | Reached XP level 17. HP: 137/139 MP: 11/26
 28345 | Snake:1  | Reached skill level 10 in Dodging
 28476 | Snake:1  | Received a gift from Okawaru
 29312 | Snake:2  | Identified the ring "Qinaus" {Will+++ rCorr Str+6 Int-2
                  | Dex-4}
 29783 | Snake:3  | Found a hide-covered altar of Uskayaw.
 30269 | Snake:3  | Reached skill level 17 in Axes
 30603 | Snake:3  | Noticed Vashnia
 30625 | Snake:3  | Killed Vashnia
 30741 | Snake:3  | Noticed Jorgrun
 30754 | Snake:3  | Killed Jorgrun
 30754 | Snake:3  | Received a gift from Okawaru
 30903 | Snake:4  | Entered Level 4 of the Snake Pit
 30903 | Snake:4  | Noticed Saint Roka
 30931 | Snake:4  | Killed Saint Roka
 30933 | Snake:4  | Reached skill level 15 in Fighting
 30948 | Snake:4  | Reached XP level 18. HP: 128/149 MP: 27/27
 31219 | Snake:4  | Identified the +3 broad axe of Okawaru's Whim {heavy,
                  | Int+4} (Okawaru gifted it to you on level 4 of the Snake
                  | Pit)
 31219 | Snake:4  | Received a gift from Okawaru
 31604 | Snake:4  | Received a gift from Okawaru
 31605 | Snake:4  | Found Teyciti's Assorted Antiques.
 31746 | Snake:4  | Bought a potion of curing for 102 gold pieces
 31746 | Snake:4  | Bought a scroll of magic mapping for 255 gold pieces
 31932 | Snake:4  | Got a serpentine rune of Zot
 32114 | Lair:1   | Killed Athor's ghost
 32121 | Lair:1   | Found the +3 salamander hide armour {Flames, rFlCloud rF++
                  | rC--}
 32298 | D:8      | Killed nidavellir's ghost
 32435 | D:5      | Killed Crazy Yiuf
 32738 | Lair:5   | Killed dunno567's ghost
 32976 | Elf:1    | Entered Level 1 of the Elven Halls
 33140 | Elf:1    | Received a gift from Okawaru
 33184 | Elf:1    | Found the +3 hat of Pondering {ponderous, Will+ MP+10
                  | Int+5}
 33312 | Elf:2    | Gained mutation: You are completely covered in icy blue
                  | scales. (AC +4, rC+) [demonic ancestry]
 33312 | Elf:2    | Reached XP level 19. HP: 43/157 MP: 28/28
 33312 | Arena    | Entered the Arena
 33462 | Elf:2    | Found a runed translucent gate.
 33462 | Elf:2    | Found a runed translucent gate.
 33554 | Elf:2    | Found a runed translucent gate.
 33719 | Elf:2    | Identified the +1 chain mail "Gekem" {rCorr MP+9 Int-3
                  | Dex+3} (Okawaru gifted it to you on level 2 of the Elven
                  | Halls)
 33719 | Elf:2    | Received a gift from Okawaru
 33835 | Elf:2    | Paralysed by an air elemental for 1 turns
 33845 | Elf:2    | Reached skill level 18 in Axes
 34118 | Elf:1    | Noticed Nikola
 34135 | Elf:1    | Reached skill level 15 in Shields
 34135 | Arena    | Entered the Arena
 34145 | Arena    | Killed Nikola
 34535 | Elf:1    | Found Ewkaebb's Weapon Shop.
 34727 | Elf:3    | Entered Level 3 of the Elven Halls
 35019 | Abyss:3  | Cast into level 3 of the Abyss (+2 halberd of distortion)
 35040 | Elf:2    | Escaped the Abyss
 35044 | Arena    | Entered the Arena
 35558 | Elf:3    | Paralysed by a floating eye for 3 turns
 35565 | Elf:3    | Paralysed by a floating eye for 4 turns
 35573 | Elf:3    | Paralysed by a floating eye for 4 turns
 35702 | Elf:3    | Paralysed by an air elemental for 1 turns
 35860 | Elf:3    | Found Atoybuil's Book Shop.
 36075 | Elf:3    | Paralysed by an air elemental for 1 turns
 36079 | Elf:3    | Paralysed by an air elemental for 1 turns
 36166 | Elf:3    | Identified the +2 pair of gloves of Noon {rC++ rCorr Slay+4
                  | Stlth-} (Okawaru gifted it to you on level 3 of the Elven
                  | Halls)
 36166 | Elf:3    | Received a gift from Okawaru
 36181 | Elf:3    | Noticed a Brimstone Fiend
 36191 | Elf:3    | Identified the +8 war axe "Ytenalet" {flame, rCorr Int+4
                  | Dex-4 Stlth+}
 36191 | Elf:3    | Identified the +1 leather armour of the Ant {Will+}
 36191 | Elf:3    | Identified the ring of Ynotuush {Ice rN+ Int+2}
 36195 | Elf:3    | Identified the +4 rapier "Lifebane" {drain, rF+}
 36201 | Elf:3    | Saving game... please wait.
 36206 | Elf:3    | Noticed a Brimstone Fiend
 36216 | Arena    | Entered the Arena
 36307 | Elf:3    | Noticed a Brimstone Fiend
 36408 | Elf:3    | Identified the +12 flail of Bumnera {speed, rElec rF+}
 36408 | Elf:3    | Identified the amulet of Wisdom {Acrobat Rampage rPois SInv
                  | Stlth-}
 36481 | Elf:3    | Acquired a manual of Armour
 36706 | Elf:3    | Gained mutation: A demonic guardian rushes to your aid.
                  | [demonic ancestry]
 36706 | Elf:3    | Reached XP level 20. HP: 153/167 MP: 29/29
 36934 | Vaults:1 | Entered Level 1 of the Vaults
 37371 | Vaults:1 | Found a transporter.
 37385 | Vaults:1 | Found a transporter.
 37477 | Vaults:1 | Got the Exposition on Frore Incineration
 37909 | D:6      | Fell from the grace of Okawaru
 37909 | D:6      | Became a worshipper of Makhleb the Destroyer
 38105 | D:14     | Bought a manual of Evocations for 960 gold pieces
 38290 | Vaults:1 | Reached * piety under Makhleb
 38717 | Vaults:2 | Found a magical portal.
 38722 | WizLab   | Entered Borgnjor's Mausoleum
 38775 | WizLab   | HP: 3/162 [halazid warlock/ghostly fireball (24)]
 38776 | WizLab   | Killed from afar by a halazid warlock

Illustrated notes

Levels and vault maps discovered:
D:1:      lightli_arrival_farm, layout_rooms
D:2:      layout_loops_ring, serial_shops, nicolae_shop_stone,
          nicolae_shop_temple_entry_statues_fountains,
          nicolae_shop_bloodbath_and_beyond, nicolae_lakefront_shop,
          shop_fountains, uniq_terence
D:3:      layout_basic, serial_shops, shop, uniq_ijyb, uniq_grinder,
          uniq_jessica
D:4:      layout_basic, minmay_temple_entry_fiery, ebering_ghost_sewer_d,
          minmay_starry_boxes
D:5:      layout_cave_pools, cheibrodos_sewer_entry_drain,
          chequers_serial_rivers_large_a, uniq_crazy_yiuf_cottage
D:6:      layout_loops_ring, grunt_temple_overflow_open,
          dreamdust_mushroom_princess, minmay_holes, nrook_campfire,
          uniq_menkaure
D:7:      layout_basic, corexii_item_surrounded_by_moat,
          lightli_church_of_beogh, uniq_pikel
D:8:      layout_loops_corners, grunt_qazlal_clouds,
          mainiacjoe_overflow_catwalk, serial_demonic, serial_demonic_f,
          serial_demonic_d, serial_demonic_g, serial_demonic_g,
          gammafunk_ghost_split
D:9:      cheibrodos_helix_gallery, layout_basic
D:10:     layout_loops_ring, hiddenorc2_lemuel, kennysheep_just_a_vault
D:11:     layout_grid_maze, david_lair_generic, eino_tiny_chamber,
          minmay_nine_imps, uniq_nergalle
D:12:     layout_irregular_city, minmay_misc_feat_roman, uniq_nessos, uniq_kirke
D:13:     layout_long_grid, serial_shops, nicolae_shop_overgrown_old_shop,
          uniq_erolcha
D:14:     layout_cave_pools, grunt_vaults_entry_fortified,
          kennysheep_cross_room, serial_bayou, serial_bayou_lagoon_b,
          serial_bayou_pond_e, serial_bayou_shore_a, serial_bayou_lagoon_a,
          nicolae_blasting_shop
D:15:     gammafunk_depths_entry_grave, layout_long_grid,
          nicolae_vehumet_radiance, kennysheep_vampire_church
Temple:   nicolae_temple_figure_eight
Lair:1:   layout_long_grid, ebering_ghost_inner_flame, serial_bayou_shore_b,
          grunt_megastairs_5
Lair:2:   layout_roguey, nicolae_swamp_entry_splash_gauntlet,
          minmay_snake_entry_six_corridors, beast_lair_carwin_6, uniq_amaemon
Lair:3:   layout_gridlike, beast_lair_carwin_11
Lair:4:   layout_cave_shapes, gammafunk_ghost_necromancy, lemuel_fruit_fields,
          uniq_snorg
Lair:5:   due_jungle_book, layout_small_grid, minmay_slime_entry_oklob_enclosed,
          gammafunk_ghost_abyssal_escape, nicolae_lair_lil_pond,
          columned_hall_lemuel, chequers_serial_rivers_micro_e, uniq_urug
Swamp:1:  cheibrodos_swamp_monstrosity, layout_falls_marsh, serial_swamp_ruin,
          evilmike_swamp_ruin_house_1, evilmike_swamp_ruin_house_5,
          evilmike_swamp_ruin_rubble_2, swamp_pool3
Swamp:2:  layout_basic_swamp, hellmonk_ghost_happy_afterlife,
          nicolae_swamp_tree_designs
Swamp:3:  layout_falls_marsh, evilmike_swamp_ruin_house_6,
          infiniplex_staircase_pool_2
Swamp:4:  swamp_fiery, layout_basic_swamp
Snake:1:  layout_gridlike, grunt_megastairs_1
Snake:2:  layout_grid_maze
Snake:3:  layout_cave_pods, basic_altar, st_stairs_8, uniq_vashnia, uniq_jorgrun
Snake:4:  snake_hunt, layout_gridlike, serial_curves, eino_curves_02,
          eino_curves_01, serial_shops, nicolae_shop_hallway_stairs,
          uniq_saint_roka
Orc:1:    layout_diamond_mine, basic_altar, uniq_erica
Orc:2:    st_orc_town, layout_diamond_mine, basic_altar, nicolae_orc_rockfall
Elf:1:    eino_elf_arrival_shootout, layout_gridlike, serial_shops, shop,
          minmay_elf_demonology, minivault_15, uniq_nikola
Elf:2:    nicolae_elf_blades_crystal_corner, layout_loops_corners,
          item_on_display_a
Elf:3:    elf_hall_gauntlet_narrow, layout_loops_corners, serial_shops,
          nicolae_shop_behind_doors, onia_ninara_cookie
Vaults:1: hangedman_vaults_restitches, ontoclasm_vaults_shuriken,
          grunt_vaults_diagonal, vaults_room_grunt_arrival_ludios,
          gammafunk_sealed_arena, vaults_room_ringed_pool, v_misc_13,
          ontoclasm_vaults_ligature, vaults_room_grid, vaults_dpeg_spiral,
          v_pattern_5, vaults_room_door_hall, v_misc_12, nicolae_vaults_theta,
          vaults_mumra_lcd, grunt_vaults_funnel, layout_vaults_omnibox
Vaults:2: mu_enter_wizlab_2, ontoclasm_vaults_eye,
          nicolae_vaults_border_crossing, vaults_room_door_ring,
          minmay_crypt_entry_necro_gods, v_misc_15, v_misc_26, v_misc_29,
          vaults_room_fancy_cross, layout_vaults_chaotic_city
WizLab:   wizlab_borgnjor

Skill      XL: |  1  2  3  4  5  6  7  8  9 10 11 12 13 14 15 16 17 18 19 20 |
---------------+-------------------------------------------------------------+-----
Axes           | 2 3 4 6 7 8 10 11 12 13 15 16 17 18 | 18.8
Invocations    | 1 5 7 9 11 12 | 12.3
Shields        | 3 4 5 7 8 9 10 12 13 14 15 | 15.9
Fighting       | 5 6 7 9 10 11 13 14 15 16 17 | 17.2
Armour         | 4 7 9 10 11 12 13 14 | 14.4
Dodging        | 3 6 8 9 11 12 13 | 13.6

Action                     |  1- 3 |  4- 6 |  7- 9 | 10-12 | 13-15 | 16-18 | 19-21 || total
---------------------------+-------+-------+-------+-------+-------+-------+-------++-------
  Melee: War axe           |    91 |   107 |   399 |   731 |  1313 |  1199 |   787 ||  4627
         Kick              |       |       |    99 |    59 |       |   473 |   295 ||   926
         Broad axe         |       |       |       |       |    49 |     6 |       ||    55
  Throw: Throwing net      |       |       |       |       |     1 |       |       ||     1
 Invoke: Heroism           |       |       |     3 |     3 |     8 |     3 |     3 ||    20
         Finesse           |       |       |       |     3 |     1 |     2 |     2 ||     8
         Duel              |       |       |       |       |       |       |     4 ||     4
  Evoke: Wand              |       |       |     1 |    13 |     7 |       |     1 ||    22
         Phial of floods   |       |       |       |     2 |     1 |       |       ||     3
         Tin of tremorston |       |       |       |       |       |     1 |       ||     1
    Use: Potion            |       |     2 |     2 |    11 |     3 |     3 |     2 ||    23
         Scroll            |       |       |     6 |     5 |    15 |     7 |     8 ||    41
   Stab: Held in net/web   |       |       |       |       |     1 |       |       ||     1
         Sleeping          |       |       |       |       |     1 |       |       ||     1
         Petrified         |       |       |       |       |     2 |       |       ||     2
         Confused          |       |       |       |       |       |     2 |       ||     2
         Invisible         |       |       |       |       |       |    10 |       ||    10
         Distracted        |       |       |       |       |       |       |     1 ||     1
 Armour: Scale mail        |    44 |    61 |   193 |    90 |       |       |       ||   388
         Skin              |       |     6 |       |    57 |       |       |       ||    63
         Acid dragon scale |       |       |       |   178 |    73 |       |       ||   251
         Troll leather arm |       |       |       |       |   226 |       |       ||   226
         Chain mail        |       |       |       |       |   126 |   434 |   240 ||   800
         Leather armour    |       |       |       |       |       |     7 |       ||     7
  Dodge: Dodged            |    46 |    49 |   142 |   265 |   422 |   439 |   268 ||  1631
         Repelled          |       |       |       |       |       |    46 |    28 ||    74
  Block: Buckler           |    22 |    27 |    72 |   191 |    10 |       |       ||   322
         Kite shield       |       |       |       |       |   754 |  1027 |   619 ||  2400
         Reflection        |       |       |       |       |    28 |   124 |    90 ||   242

Table legend: (Time is in decaauts)
 A = Elapsed time spent in this place.
 B = Non-inter-level travel time spent in this place.
 C = Inter-level travel time spent in this place.
 D = Time resting spent in this place.
 E = Time spent auto-exploring this place.
 F = Levels seen in this place.
 G = Mean time per level.
                   A        B        C        D        E       F      G
               +--------+--------+--------+--------+--------+-----+--------+
         Total |  38470 |  34697 |   3773 |   1649 |  25361 |  43 |  894.7 |
       Dungeon |  17498 |  15445 |   2053 |   1290 |  11189 |  15 | 1166.5 |
        Temple |    210 |    191 |     19 |      0 |    181 |   1 |  210.0 |
          Lair |   7131 |   6375 |    756 |     81 |   5068 |   5 | 1426.2 |
         Swamp |   2843 |   2687 |    156 |     52 |   1920 |   4 |  710.8 |
     Snake Pit |   3942 |   3684 |    258 |     98 |   2677 |   4 |  985.5 |
  Orcish Mines |   1375 |   1300 |     75 |      0 |    900 |   2 |  687.5 |
   Elven Halls |   3844 |   3572 |    272 |     98 |   2500 |   3 | 1281.3 |
        Vaults |   1361 |   1180 |    181 |      0 |    820 |   2 |  680.5 |
         Abyss |     19 |     19 |      0 |      0 |     11 |   1 |   19.0 |
         Sewer |    120 |    120 |      0 |      0 |     76 |   1 |  120.0 |
        Wizlab |     51 |     51 |      0 |      0 |     17 |   1 |   51.0 |
         Arena |     71 |     71 |      0 |     30 |      0 |   4 |   17.8 |
               +--------+--------+--------+--------+--------+-----+--------+

Top non-repeatable levels by time:
  Lair:5: 1892 daAuts
  Lair:2: 1836 daAuts
     D:9: 1776 daAuts
    D:10: 1703 daAuts
   Elf:3: 1691 daAuts
     D:8: 1608 daAuts
     D:6: 1527 daAuts
  Lair:1: 1475 daAuts
     D:4: 1415 daAuts
     D:7: 1338 daAuts
    D:11: 1336 daAuts
Vaults:1: 1284 daAuts
   Elf:2: 1263 daAuts
 Snake:3: 1100 daAuts
  Lair:4: 1033 daAuts
